 Dungeon Crawl Stone Soup version 0.28-a0-10-g964c8b829e (webtiles) character file.

Game seed: 11275303952141350175

56 Sin92 the Skirmisher (level 3, 0/29 HPs)
             Began as a Demonspawn Fighter on July 25, 2021.
             Slain by Natasha (4 damage)
             ... on level 2 of the Dungeon.
             The game lasted 00:01:27 (1404 turns).

Sin92 the Skirmisher (Demonspawn Fighter)           Turns: 1404, Time: 00:01:27

Health: 0/29       AC:  6    Str: 17    XL:     3   Next: 71%
Magic:  3/3        EV:  7    Int:  9    God:
Gold:   675        SH: 13    Dex: 12    Spells: 2/2 levels left

rFire   . . .      SeeInvis .   a - +0 war axe
rCold   . . .      Faith    .   c - +0 kite shield
rNeg    . . .      Spirit   .   b - +0 scale mail
rPois   .          Reflect  .   (no helmet)
rElec   .          Harm     .   (no cloak)
rCorr   .          Rampage  .   (no gloves)
Will    .....                   (no boots)
Stlth   ..........              (no amulet)
HPRegen 0.09/turn               (no ring)
MPRegen 0.08/turn               (no ring)

@: no status effects
A: large bone plates 1, foul stench 1
a: no special abilities


You were on level 2 of the Dungeon.
You visited 1 branch of the dungeon, and saw 2 of its levels.

You collected 675 gold pieces.

Inventory:

Hand Weapons
 a - a +0 war axe (weapon)
Armour
 b - a +0 scale mail (worn)
 c - a +0 kite shield (worn)
Scrolls
 e - a scroll of enchant armour {unknown}
 j - 2 scrolls of identify {unknown}
Potions
 d - a potion of might
 g - a potion of heal wounds {unknown}
 i - 3 potions of curing {unknown}
 k - a potion of degeneration {unknown}


   Skills:
 + Level 3.3 Fighting
 * Level 2.5 Axes
 + Level 3.0 Armour
 + Level 1.0 Dodging
 + Level 3.0 Shields


You had 2 spell levels left.
You didn't know any spells.
Your spell library was empty.

Dungeon Overview and Level Annotations

Branches:
Dungeon (2/15)

Altars:

Annotations:
D:2 Natasha


Innate Abilities, Weirdness & Mutations

You are partially covered in large bone plates. (SH +4)
You may rarely emit foul miasma when damaged in melee.


Message History

There are monsters nearby!
You hit Natasha.
Natasha is moderately wounded.
You hit the shadow imp. You block the shadow imp's attack.
Natasha closely misses you.
Unknown command.
There are monsters nearby!
You hit Natasha.
Natasha is heavily wounded.
You closely miss the crimson imp. Natasha claws you.
You block the crimson imp's attack. You block Natasha's attack.
The crimson imp hits you.
Unknown command.
There are monsters nearby!
You closely miss Natasha.
Natasha is heavily wounded.
You hit the crimson imp but do no damage.
Natasha claws you!
The crimson imp laughs crazily.
You block the crimson imp's attack. Natasha barely misses you.
Unknown command.
There are monsters nearby!
You hit Natasha but do no damage.
Natasha is heavily wounded.
You barely miss the crimson imp.
The crimson imp blinks!
Natasha casts a spell.
Unknown command.
There are monsters nearby!
You barely miss Natasha.
Natasha is heavily wounded.
You closely miss the shadow imp. You closely miss the white imp.
You miss the crimson imp. Natasha barely misses you.
The shadow imp shouts, "Scamper away, thou beslubbering beef-witted nert!"
You block the shadow imp's attack.
The crimson imp hits you but does no damage.
The white imp gestures at you. The puff of frost hits you!
* * * LOW HITPOINT WARNING * * *
Natasha claws you.
You die...

#..........##
###.........^.#
.#...........#
..........>.####
...####.#.....# #..#
#.#.###.# #..## #.#.#
#.# #55.# #.#.# #.#
#@#)###†#.# #.#
......5h#†..†.#.# #.#
........#.....#.###.##
....#...#.....#.##...#
#.'
#...#.....#.##...###
.. ....###+#.# #......
# .##### #.# #...###
.. ..# #...... ..#
####.##


You could see Natasha, a crimson imp (summoned), a white imp (summoned) and a
shadow imp (summoned).

Vanquished Creatures
  Natasha (D:2)
  A gnoll (D:1)
  An endoplasm (D:1)
  2 giant cockroaches (D:2)
  A hobgoblin (D:1)
  3 jackals (D:2)
  A kobold (D:1)
  3 ball pythons (D:1)
  2 bats
  A frilled lizard (D:1)
  2 goblins
  4 rats
22 creatures vanquished.

Notes
Turn   | Place    | Note
-------+----------+-------------------------------------------
     0 | D:1      | Sin92 the Demonspawn Fighter began the quest for the Orb.
     0 | D:1      | Reached XP level 1. HP: 18/18 MP: 1/1
   273 | D:1      | Gained mutation: You may rarely emit foul miasma when
                  | damaged in melee. [demonic ancestry]
   273 | D:1      | Reached XP level 2. HP: 19/24 MP: 2/2
  1082 | D:1      | Identified a scroll of acquirement
  1082 | D:1      | Acquired 618 gold pieces
  1333 | D:2      | Noticed Natasha
  1340 | D:2      | Killed Natasha
  1341 | D:2      | Gained mutation: You are partially covered in large bone
                  | plates. (SH +4) [demonic ancestry]
  1341 | D:2      | Reached XP level 3. HP: 20/29 MP: 3/3
  1381 | D:2      | Reached skill level 1 in Dodging
  1393 | D:2      | Noticed Natasha
  1404 | D:2      | Slain by Natasha

Illustrated notes

Levels and vault maps discovered:
D:1:      nagdon_arrival_double_spiral, layout_loops_ring,
          minmay_misc_feat_doors
D:2:      layout_basic, minmay_worlds_worst_comb, uniq_natasha

Skill      XL: |  1  2  3 |
---------------+----------+-----
Axes           | 2 |  2.5
Shields        | 3 |  3.0
Dodging        | 1 |  1.0
Armour         | 3 |  3.0
Fighting       | |  3.3

Action                   || total
-------------------------++-------
Melee: War axe           ||    61
  Use: Scroll            ||     2
Armor: Scale mail        ||    27
Dodge: Dodged            ||    20
Block: Kite shield       ||    47

Table legend: (Time is in decaauts)
 A = Elapsed time spent in this place.
 B = Non-inter-level travel time spent in this place.
 C = Inter-level travel time spent in this place.
 D = Time resting spent in this place.
 E = Time spent auto-exploring this place.
 F = Levels seen in this place.
 G = Mean time per level.
                   A        B        C        D        E       F      G
               +--------+--------+--------+--------+--------+-----+--------+
         Total |   1442 |   1268 |    174 |      0 |   1109 |   2 |  721.0 |
       Dungeon |   1442 |   1268 |    174 |      0 |   1109 |   2 |  721.0 |
               +--------+--------+--------+--------+--------+-----+--------+

Top non-repeatable levels by time:
     D:1: 1279 daAuts
     D:2: 162 daAuts
